 Dungeon Crawl Stone Soup version 0.28.0-45-g0d030f2227 (webtiles) character file.

Game seed: 11574379310434020327

9767 MeArio the Protected (level 11, -9/89 (91) HPs)
             Began as a Minotaur Fighter on Apr 11, 2022.
             Was a Believer of Hepliaklqana.
             Mangled by Erolcha
             ... wielding a +6 giant spiked club
              (20 damage)
             ... on level 9 of the Dungeon.
             The game lasted 01:04:38 (10806 turns).

MeArio the Protected (Minotaur Fighter)            Turns: 10806, Time: 01:04:38

HP:   -9/89 (91)    AC: 14    Str: 29    XL:     11   Next: 27%
MP:   19/19         EV:  9    Int:  7    God:    Hepliaklqana [**....]
Gold: 129           SH: 14    Dex: 14    Spells: 10/10 levels left

rFire   + + .      SeeInvis .   w - +6 flail of Focus {venom, Dex+4}
rCold   + + .      Faith    .   x - +2 shield of Resistance {rF++ rC++ Will++}
rNeg    . . .      Spirit   .   N - +2 scale mail {rF+}
rPois   .          Reflect  .   (helmet restricted)
rElec   .          Harm     .   v - +0 cloak
rCorr   .          Rampage  .   (no gloves)
Will    +++..                   r - +0 pair of boots
Stlth   ..........              (no amulet)
HPRegen 0.24/turn               z - ring of Filer {rF- Will+ MP+9 Str+4 Int+2}
MPRegen 0.16/turn               (no ring)

@: lightly drained
A: reduced essence, horns 2, retaliatory headbutt
a: Renounce Religion, Ancestor Life: Knight, Ancestor Life: Battlemage, Ancestor
Life: Hexer, Recall Ancestor, Ancestor Identity


You were on level 9 of the Dungeon.
You worshipped Hepliaklqana.
Hepliaklqana was pleased with you.
You visited 2 branches of the dungeon, and saw 10 of its levels.
You also visited: Bailey.

You collected 598 gold pieces.
You spent 469 gold pieces at shops.

Inventory:

Hand Weapons
 a - a +1 long sword
 m - a +0 vorpal flail
 t - a +1 whip of venom
 u - a +2 quarterstaff of chaos
 w - the +6 flail of Focus (weapon) {venom, Dex+4}
   (You found it on level 6 of the Dungeon)

   It poisons the flesh of those it strikes.
   Dex:       It affects your dexterity (+4).
 O - the +7 hunting sling of Zappiam {freeze, Int+6}
   (You found it in a bailey)

   Any ammunition fired from it freezes those it strikes, dealing additional
   cold damage.
   It can also slow down cold-blooded creatures.
   Int:       It affects your intelligence (+6).
Missiles
 e - 7 poisoned darts (quivered)
 D - 3 silver boomerangs
Armour
 b - a +0 scale mail
 c - a +0 buckler
 h - a +0 chain mail
 r - a +0 pair of boots (worn)
 v - a +0 cloak (worn)
 x - the +2 shield of Resistance (worn) {rF++ rC++ Will++}
   (You acquired it on level 8 of the Dungeon)

   rF:        It greatly protects you from fire.
   rC:        It greatly protects you from cold.
   Will:      It greatly increases your willpower.
 N - a +2 scale mail of fire resistance (worn)
Jewellery
 y - the ring of Pimi {rPois rF+ rCorr Str-3}
   (You found it on level 8 of the Dungeon)

   [ring of protection from fire]

   Str:       It affects your strength (-3).
   rF:        It protects you from fire.
   rPois:     It protects you from poison.
   rCorr:     It protects you from acid and corrosion.
 z - the ring of Filer (left hand) {rF- Will+ MP+9 Str+4 Int+2}
   (You found it on level 6 of the Dungeon)

   [ring of magical power]

   Str:       It affects your strength (+4).
   Int:       It affects your intelligence (+2).
   rF:        It makes you vulnerable to fire.
   MP:        It affects your magic capacity (+9).
   Will:      It increases your willpower.
 L - a ring of wizardry
Wands
 E - a wand of mindburst (6)
 G - a wand of paralysis (12)
Scrolls
 f - 4 scrolls of blinking
 n - 9 scrolls of identify
 p - 5 scrolls of teleportation
 B - 2 scrolls of fog
 H - a scroll of fear
 I - a scroll of magic mapping
 K - a scroll of enchant armour {unknown}
 M - a scroll of enchant weapon
Potions
 d - 3 potions of curing {unknown}
 g - 2 potions of heal wounds {unknown}
 i - 4 potions of attraction
 j - a potion of brilliance
 k - a potion of degeneration {unknown}
 l - a potion of magic {unknown}
 o - 4 potions of cancellation {unknown}
 q - a potion of mutation {unknown}
 s - a potion of flight {unknown}
 A - a potion of lignification {unknown}
 C - a potion of haste {unknown}
 F - a potion of ambrosia {unknown}
 J - a potion of resistance {unknown}


   Skills:
 + Level 11.0 Fighting
 - Level 5.4 Long Blades
 + Level 10.4 Maces & Flails
 + Level 11.7 Armour
 + Level 11.0 Shields


You had 10 spell levels left.
You didn't know any spells.
Your spell library contained the following spells:

 Spells                   Type           Power      Damage    Failure   Level
 Animate Skeleton         Necr           0%         N/A       87%         1
 Foxfire                  Conj/Fire      0%         2x1d4     87%         1
 Pain                     Necr           0%         1d4       87%         1
 Call Canine Familiar     Summ           0%         N/A       99%         3
 Conjure Flame            Conj/Fire      0%         6-21      99%         3
 Frozen Ramparts          Ice            0%         1d2       99%         3
 Gell's Gravitas          Tloc           0%         N/A       99%         3
 Inner Flame              Hex/Fire       0%         N/A       99%         3
 Lesser Beckoning         Tloc           0%         N/A       99%         3
 Portal Projectile        Hex/Tloc       0%         N/A       99%         3
 Teleport Other           Tloc           0%         N/A       99%         3
 Vampiric Draining        Necr           0%         2d6       99%         3
 Airstrike                Air            0%         N/A       100%        4
 Flame Wave               Conj/Fire      0%         2d4       100%        4
 Ice Form                 Ice/Tmut       0%         N/A       100%        4
 Leda's Liquefaction      Hex/Erth       0%         N/A       100%        4
 Summon Ice Beast         Ice/Summ       0%         N/A       100%        4
 Summon Lightning Spire   Summ/Air       0%         N/A       100%        4
 Lightning Bolt           Conj/Air       0%         1d11      100%        5


Dungeon Overview and Level Annotations

Branches:
Dungeon (9/15)             Temple (1/1) D:5          Bailey (visited)
   Lair: D:8-11         Orc: D:9-12

Altars:
Ashenzari
Cheibriados
Dithmenos
Elyvilon
Fedhas
Gozag
Hepliaklqana
Kikubaaqudgha
Makhleb
Nemelex Xobeh
Okawaru
Qazlal
Ru
Sif Muna
Trog
Uskayaw
Vehumet
Wu Jian
Xom
Yredelemnul
Zin
The Shining One

Shops:
D:2 *   D:8 ?[(

Annotations:
D:9 Erolcha


Innate Abilities, Weirdness & Mutations

Your life essence is reduced to manifest your ancestor. (-10% HP)
You have a pair of horns on your head.
You reflexively headbutt those who attack you in melee.


Message History

Aim: Erolcha, wielding a +6 giant spiked club and wearing a +0 robe (chance to affect: 17%)
Okay, then.
You hit the centaur. You headbutt the centaur!
You kill the centaur!
Erolcha gestures at you while chanting.
The fireball explodes!
The fireball engulfs peterb12!
Peterb12 resists.
The fireball engulfs you! You resist. 2 wights come into view.
A wight comes into view. It is wielding a +0 scimitar.
Erolcha screams, "Eat!"
Erolcha mumbles some strange words.
Erolcha flickers and vanishes!
Deactivating autopickup; reactivate with Ctrl-A.
A wight comes into view. It is wielding a +0 mace.
Peterb12 closely misses something.
Something hits peterb12!!
Peterb12 is destroyed!
The wight barely misses you.
A wight comes into view. It is wielding a +4 dagger.
You block the wight's attack. The wight hits you but does no damage.
You thump the wight!
You destroy the wight!
You block the wight's attack. x2
Your Shields skill increases to level 11!
You barely miss the wight. The wight hits you but does no damage.
You block the wight's attack. x2
You sock the wight! Your headbutt misses the wight.
The wight is almost destroyed.
The wight hits you but does no damage. Something hits you!!
The wight hits you with a +0 scimitar.
You feel drained. You block the wight's attack.
You sock the wight!
You destroy the wight!
The wight hits you but does no damage. Something hits you!!
* * * LOW HITPOINT WARNING * * *
You block the wight's attack. The wight closely misses you.
You furiously retaliate!
You headbutt the wight!
You destroy the wight!
Something hits you!!
You die...

#...#........
.#.....#######...#.)......
..........................
..........................
..........................
..........................
..........................
..........................
.........@........).......
........zz......<....(....
..........................
..[......)...<............
..$......)................
##.......)..##..?#####....
.........!..##...# ....
.........######### ....
...#....##


You could see 2 wights.

Vanquished Creatures
  An orc warlord (Bailey)
  A two-headed ogre (D:9)
  Joseph (D:7)
  A troll (D:8)
  A hornet (D:8)
  A wyvern (D:6)
  A steam dragon (D:8)
  A water moccasin (D:7)
  2 ice beasts (D:7)
  5 orc warriors
  A black bear (D:7)
  A sky beast (D:7)
  An ogre (D:7)
  A necrophage (D:5)
  5 centaurs
  A phantom (D:4)
  A bullfrog (D:7)
  A wyvern zombie (D:6)
  A scorpion (D:6)
  A water moccasin skeleton (D:5)
  5 killer bees (D:8)
  3 wights (D:9)
  3 jellies
  3 orc priests
  A centaur zombie (D:8)
  2 hounds
  Crazy Yiuf (D:5)
  3 bullfrog skeletons
  A centaur skeleton (D:7)
  3 iguanas
  2 gnoll shamans
  An orc wizard (D:7)
  2 killer bee zombies (D:7)
  10 adders
  14 gnolls
  A white imp (D:3)
  2 adder skeletons (D:4)
  A worm (D:3)
  2 dart slugs
  22 orcs
  7 ball pythons
  9 endoplasms
  4 giant cockroaches
  9 goblins
  3 hobgoblins
  6 jackals (D:1)
  5 quokkas
  6 bats (D:1)
  3 frilled lizards
  9 kobolds
  A rat (D:3)
173 creatures vanquished.

Vanquished Creatures (collateral kills)
  A centaur zombie (D:8)
  An orc (Bailey)
  4 kobolds (Bailey)
6 creatures vanquished.

Vanquished Creatures (others)
  3 ancestors
  A fungus (D:1)
  4 plants (D:1)
8 creatures vanquished.

Grand Total: 187 creatures vanquished

Notes
Turn   | Place    | Note
-------+----------+-------------------------------------------
     0 | D:1      | MeArio the Minotaur Fighter began the quest for the Orb.
     0 | D:1      | Reached XP level 1. HP: 19/19 MP: 0/0
    39 | D:1      | Reached XP level 2. HP: 4/27 MP: 1/1
   543 | D:1      | You fall into a shaft and drop 1 floor!
   641 | D:1      | Found a faded altar of an unknown god.
   965 | D:1      | Reached XP level 3. HP: 33/33 MP: 2/2
  1404 | D:2      | Found Viedoa's General Store.
  2396 | D:2      | Bought a scroll of blinking for 97 gold pieces
  2618 | D:3      | Reached XP level 4. HP: 41/41 MP: 3/3
  3116 | D:3      | Reached skill level 5 in Armour
  3181 | D:3      | Reached XP level 5. HP: 39/47 MP: 4/4
  3623 | D:4      | Noticed a phantom
  3635 | D:4      | Killed a phantom
  3636 | D:4      | Reached skill level 5 in Fighting
  3636 | D:4      | Reached XP level 6. HP: 14/56 MP: 5/5
  4039 | D:4      | Reached skill level 5 in Shields
  5147 | D:5      | Entered Level 5 of the Dungeon
  5470 | D:5      | Reached XP level 7. HP: 61/61 MP: 6/6
  6106 | D:5      | Found a runed translucent door.
  6107 | D:5      | Noticed Crazy Yiuf
  6114 | D:5      | Killed Crazy Yiuf
  6194 | D:5      | Found a shimmering blue altar of Sif Muna.
  6309 | D:5      | Found a staircase to the Ecumenical Temple.
  6344 | D:5      | Reached skill level 5 in Long Blades
  6525 | Temple   | Entered the Ecumenical Temple
  6600 | Temple   | Became a worshipper of Hepliaklqana the Forgotten
  6776 | D:6      | Identified the +6 flail of Focus {venom, Dex+4}
  6787 | D:6      | Reached XP level 8. HP: 21/71 MP: 7/7
  7208 | D:6      | Reached skill level 1 in Maces & Flails
  7311 | D:6      | Identified the ring of Filer {rF- Will+ MP+9 Str+4 Int+2}
  8219 | D:7      | Noticed Joseph
  8235 | D:7      | Killed Joseph
  8532 | D:7      | Found a bloodstained altar of Trog.
  8546 | D:7      | Reached XP level 9. HP: 75/80 MP: 8/8
  9061 | D:7      | Reached skill level 5 in Maces & Flails
  9173 | D:7      | Reached * piety under Hepliaklqana
  9297 | D:8      | Identified a scroll of acquirement
  9297 | D:8      | Acquired the +2 shield of Resistance {rF++ rC++ Will++}
  9297 | D:8      | Found the +2 shield of Resistance {rF++ rC++ Will++}
  9338 | D:8      | Identified the ring of Pimi {rPois rF+ rCorr Str-3}
  9409 | D:8      | Found Ucixosaf's Armour Shop.
  9435 | D:8      | Found Zaicaeve's Weapon Shop.
  9565 | D:8      | Noticed a troll
  9577 | D:8      | Killed a troll
  9637 | D:8      | Found a flagged portal.
  9646 | Bailey   | Entered a bailey
  9672 | Bailey   | Noticed an orc warlord
  9762 | Bailey   | Found a runed translucent gate.
  9781 | Bailey   | Found a runed translucent gate.
  9783 | Bailey   | Found a runed translucent gate.
  9793 | Bailey   | Reached skill level 10 in Armour
  9936 | Bailey   | Killed an orc warlord
  9937 | Bailey   | Reached XP level 10. HP: 61/81 MP: 9/9
  9974 | Bailey   | Identified the +7 hunting sling of Zappiam {freeze, Int+6}
 10149 | Bailey   | Reached skill level 10 in Fighting
 10149 | Bailey   | Reached skill level 10 in Maces & Flails
 10149 | Bailey   | Reached skill level 10 in Shields
 10149 | Bailey   | Reached XP level 11. HP: 90/90 MP: 10/10
 10209 | D:8      | Bought a +2 scale mail of fire resistance for 294 gold
                  | pieces
 10715 | D:8      | Found Imash's Magic Scroll Shop.
 10719 | D:8      | Bought a scroll of identify for 26 gold pieces
 10719 | D:8      | Bought a scroll of identify for 26 gold pieces
 10719 | D:8      | Bought a scroll of identify for 26 gold pieces
 10730 | D:8      | Reached ** piety under Hepliaklqana
 10760 | D:9      | Noticed a two-headed ogre
 10764 | D:9      | Killed a two-headed ogre
 10769 | D:9      | Noticed Erolcha
 10806 | D:9      | Mangled by Erolcha

Illustrated notes

Levels and vault maps discovered:
D:1:      co_arrival_hall_of_pillars, layout_loops_ring,
          dreamdust_ecumenical_altar_grove
D:2:      layout_basic, serial_shops, shop
D:3:      layout_loops_ring
D:4:      layout_cave_pods, minmay_diced_spiral
D:5:      layout_rooms, mainiacjoe_overflow_catwalk, temple_pool_b,
          uniq_crazy_yiuf_cottage
D:6:      layout_loops_cross
D:7:      layout_loops_ring, minmay_ruined_shrine, uniq_joseph
D:8:      layout_rooms, enter_bailey_8, serial_shops, kennysheep_mini_moat,
          shop, shop, moated_statue
D:9:      layout_cross, uniq_erolcha
Temple:   grunt_wide_crystal_templ

Skill      XL: |  1  2  3  4  5  6  7  8  9 10 11 |
---------------+----------------------------------+-----
Fighting       | 4 5 6 7 9 10 11 | 11.0
Armour         | 4 5 6 7 8 10 11 | 11.7
Shields        | 4 5 6 7 9 10 11 | 11.0
Long Blades    | 3 4 5 |  5.4
Maces & Flails | 4 6 10 | 10.4

Action                   |  1- 3 |  4- 6 |  7- 9 | 10-12 || total
-------------------------+-------+-------+-------+-------++-------
Melee: Long sword        |   115 |   120 |    80 |       ||   315
       Headbutt          |    10 |    21 |    42 |     7 ||    80
       Flail             |       |       |   127 |    32 ||   159
Throw: Stone             |     4 |       |       |       ||     4
       Dart              |       |     1 |       |       ||     1
Invok: Ancestor Identity |       |       |     1 |       ||     1
Evoke: Wand              |       |       |       |     1 ||     1
  Use: Scroll            |     1 |     2 |     7 |       ||    10
       Potion            |       |     1 |       |     2 ||     3
 Stab: Distracted        |       |       |     1 |       ||     1
Armor: Scale mail        |    85 |    32 |       |    15 ||   132
       Chain mail        |       |    17 |    96 |     2 ||   115
       Skin              |       |       |       |     1 ||     1
Dodge: Dodged            |    75 |    56 |    71 |    17 ||   219
Block: Buckler           |    40 |    28 |    49 |       ||   117
       Kite shield       |       |       |    39 |    41 ||    80
